 Dungeon Crawl Stone Soup version 0.31.0-32-g396128a36d (webtiles) character file.

Game seed: 12527165751446275903

6440 mainiacjoe the Nimble (level 10, -3/72 HPs)
             Began as an Octopode Air Elementalist on Mar 30, 2024.
             Was a Believer of Vehumet.
             Slain by a yak (7 damage)
             ... on level 9 of the Dungeon.
             The game lasted 00:36:10 (11999 turns).

mainiacjoe the Nimble (Octopode Air Elementalist)  Turns: 11999, Time: 00:36:11

Health: -3/72      AC:  1    Str:  8    XL:     10   Next: 99%
Magic:  19/25      EV: 20    Int: 21    God:    Vehumet [**....]
Gold:   302        SH:  8    Dex: 25    Spells: 7/17 levels left

rFire   . . .        a - +1 demon trident (elec)
rCold   . . .        p - +1 buckler
rNeg    . . .        (helmet restricted)
rPois   .            (no amulet)
rElec   .            k - +6 ring of dexterity
rCorr   .            y - ring of see invisible
SInv    +            B - ring of flight
Will    .....        D - ring of magical power
Stlth   +++++        F - +6 ring of dexterity
HPRegen 0.32/turn    (no ring)
MPRegen 0.19/turn    (no ring)
                     (no ring)

%: no passive effects
@: flying
A: almost no armour, amphibious, 8 rings, camouflage 1, gelatinous body 1,
(nimble swimmer 1), tentacles
a: Renounce Religion


You were on level 9 of the Dungeon.
You worshipped Vehumet.
Vehumet was pleased with you.
You visited 2 branches of the dungeon, and saw 10 of its levels.

You collected 582 gold pieces.
You spent 280 gold pieces at shops.

Inventory:

Hand Weapons
 a - a +1 demon trident of electrocution (weapon)
 h - a +1 dagger
 t - a +0 trident
 w - a +3 dagger of draining
 E - the +5 dagger of Skirmishing {venom, SInv}
   (You found it on level 8 of the Dungeon)

   SInv:      It lets you see invisible.
 G - a +3 scimitar of flaming
Missiles
 b - 98 stones
 n - 23 poisoned darts
 o - 18 boomerangs
 r - 3 atropa-tipped darts {=F}
 u - a throwing net {=F}
Armour
 p - a +1 buckler (worn)
Magical Staves
 l - a staff of cold
Jewellery
 k - a +6 ring of dexterity (left tentacle)
 y - a ring of see invisible (right tentacle)
 B - a ring of flight (on tentacle)
 D - a ring of magical power (on tentacle)
 F - a +6 ring of dexterity (on tentacle)
Wands
 C - a wand of mindburst (22)
Scrolls
 j - 4 scrolls of teleportation
 v - 3 scrolls of silence
 x - 2 scrolls of vulnerability
 A - a scroll of identify
Potions
 c - a potion of magic
 d - a potion of brilliance
 e - a potion of enlightenment
 f - 2 potions of cancellation
 g - 3 potions of lignification
 i - 2 potions of haste
 m - 4 potions of attraction
 q - a potion of resistance
 s - a potion of curing
 z - 3 potions of might


   Skills:
 + Level 8.1 Fighting
 + Level 8.4 Dodging
 - Level 6.0 Stealth
 - Level 5.0 Shields
 - Level 4.0 Spellcasting
 - Level 5.0 Conjurations
 - Level 8.0 Air Magic


You had 7 spell levels left.
You knew the following spells:

 Your Spells              Type           Power      Damage    Failure   Level
a - Shock                 Conj/Air       100%       1d9       1%          1
b - Static Discharge      Conj/Air       62%        3-6/arc   1%          2
c - Swiftness             Air            37%        N/A       1%          3
d - Airstrike             Air            18%        2d(3-19)  6%          4

Your spell library contained the following spells:

 Spells                   Type           Power      Damage    Failure   Level
 Mercury Vapours          Alch/Air       42%        N/A       4%          2
 Jinxbite                 Hex            8%         N/A       26%         2
 Sublimation of Blood     Necr           4%         N/A       26%         2
 Fugue of the Fallen      Necr           4%         N/A       45%         3
 Ozocubu's Armour         Ice            4%         N/A       45%         3
 Tukima's Dance           Hex            4%         N/A       45%         3
 Manifold Assault         Tloc           4%         N/A       86%         4
 Passage of Golubria      Tloc           4%         N/A       86%         4
 Petrify                  Alch/Erth      4%         N/A       86%         4
 Irradiate                Conj/Alch      7%         3d14      86%         5
 Yara's Violent Unravell  Hex/Alch       2%         3d3       99%         5
 Enfeeble                 Hex            2%         N/A       100%        7


Dungeon Overview and Level Annotations

Branches:
Dungeon (9/15)             Temple (1/1) D:5
   Lair: D:8-11         Orc: D:9-12

Altars:
Ashenzari
Cheibriados
Dithmenos
Elyvilon
Fedhas
Gozag
Hepliaklqana
Makhleb
Okawaru
Qazlal
Ru
Sif Muna
Trog
Uskayaw
Vehumet
Wu Jian
Xom
Yredelemnul
Zin
The Shining One

Shops:
D:1 *   D:4 :   D:5 :   D:8 =

Annotations:
D:5 1 runed translucent door, exclusions: black bear and orc warrior, Seamuus's ghost, novice HOFi
D:6 1 runed translucent door, Crazy Yiuf; Maggie
D:9 Psyche


Innate Abilities, Weirdness & Mutations

You cannot wear most types of armour.
You are amphibious.
You can wear up to eight rings at the same time.
Your skin changes colour to match your surroundings (Stealth+).
Your rubbery body absorbs attacks. (AC +1, EV +1)
((You are camouflaged when in or above water. (Stealth+)))
You have tentacles for arms and can constrict up to eight enemies at once.


Message History

Vehumet accepts your kill.
You feel your power returning.
The yak is struck by an arc of lightning.
The yak is lightly wounded.
The lightning grounds out.
Your Fighting skill increases to level 8!
Casting: Static Discharge (safe; 1% risk of failure)
Confirm with . or Enter, or press ? or * to list all spells.
The yak is struck by an arc of lightning.
The yak is moderately wounded.
You are struck by an arc of lightning.
The yak is struck by an arc of lightning.
The yak is moderately wounded.
The yak is struck by an arc of lightning.
The yak is heavily wounded.
The lightning grounds out.
The yak gores you!
* * * LOW HITPOINT WARNING * * *
You completely miss the yak.
The yak is moderately wounded.
The yak completely misses you.
You puncture the yak! Lightning courses through the yak!
The yak is almost dead.
The yak gores you.
* * * LOW HITPOINT WARNING * * *
The yak completely misses you.
You puncture the yak!
You kill the yak!
Vehumet accepts your kill.
You hit the yak but do no damage. You squeeze the yak.
The yak is severely wounded.
You block the yak's attack.
Unknown command.
Casting: Static Discharge (safe; 1% risk of failure)
Confirm with . or Enter, or press ? or * to list all spells.
The yak is struck by an arc of lightning.
The yak is severely wounded.
You are struck by an arc of lightning.
* * * LOW HITPOINT WARNING * * *
The lightning grounds out.
The yak gores you!
You die...

##############
#########
#............#
........#
#######.#...##..##.#
.#.####.#
#..@Y........#..#...
.#.## #.#
#.#####..)).....#..#
...<# #.#
####.#####...†...)....#
....###.#
#........#.........##.#
........#
#.##.###.##.....##.##.#
....##### #.##.#
#.###....##....#
......# #....# #.#
####.####### #####.#
#..### #.# ##'## # #.#
#..#####.# ##...##


You could see a yak.

Vanquished Creatures
  Erica (D:9)
  Pikel (D:8)
  2 vampires (D:9)
  3 wyverns
  6 yaks (D:9)
  2 steam dragons
  A water moccasin (D:8)
  An acid dragon (D:9)
  3 orc warriors
  2 sky beasts
  A black bear (D:6)
  2 ice beasts
  4 ogres
  3 centaurs
  A phantom (D:6)
  A kobold brigand (D:7)
  4 lemures (D:8)
  5 bullfrogs
  2 scorpions (D:5)
  5 wights (D:8)
  7 killer bees
  A bombardier beetle (D:6)
  3 hounds
  2 jellies (D:6)
  3 orc priests
  2 gnoll boudas
  A sleepcap (D:6)
  2 iguanas (D:6)
  7 orc wizards
  8 gnolls
  7 adders
  A shadow imp (D:5)
  4 white imps
  2 ufetubi (D:5)
  2 dart slugs (D:2)
  A ribbon worm (D:4)
  31 orcs
  2 ball pythons
  4 bats
  7 endoplasms
  A giant cockroach (D:1)
  9 goblins
  5 hobgoblins
  4 jackals
  3 quokkas
  4 frilled lizards
  7 kobolds
  2 rats
182 creatures vanquished.

Notes
Turn   | Place    | Note
-------+----------+-------------------------------------------
     0 | D:1      | mainiacjoe the Octopode Air Elementalist began the quest
                  | for the Orb.
     0 | D:1      | Reached XP level 1. HP: 11/11 MP: 3/3
   243 | D:1      | Reached XP level 2. HP: 17/17 MP: 1/5
   246 | D:1      | Learned a level 2 spell: Static Discharge
   640 | D:1      | Found Renub's Assorted Antiques.
   937 | D:2      | Reached XP level 3. HP: 20/21 MP: 2/6
   980 | D:2      | Learned a level 3 spell: Swiftness
  1176 | D:2      | Reached XP level 4. HP: 27/27 MP: 1/7
  2132 | D:3      | Reached XP level 5. HP: 31/31 MP: 3/8
  2425 | D:3      | Found a radiant altar of Vehumet.
  2577 | D:4      | Found Daeskyum's Book Shop.
  2688 | D:4      | Found a hide-covered altar of Uskayaw.
  3077 | D:4      | Noticed an ogre
  3271 | D:4      | Found a stormy altar of Qazlal.
  3347 | D:4      | Killed an ogre
  3348 | D:4      | Reached skill level 1 in Shields
  3348 | D:4      | Reached XP level 6. HP: 36/36 MP: 2/9
  3467 | D:4      | Reached skill level 5 in Conjurations
  3638 | D:3      | Became a worshipper of Vehumet
  3691 | D:5      | Entered Level 5 of the Dungeon
  3822 | D:5      | Noticed an orc warrior
  3949 | D:5      | Reached XP level 7. HP: 31/41 MP: 0/10
  3954 | D:5      | Learned a level 4 spell: Airstrike
  4030 | D:5      | Reached skill level 5 in Air Magic
  4271 | D:5      | Found a staircase to the Ecumenical Temple.
  4275 | D:5      | Found a runed translucent door.
  4277 | Temple   | Entered the Ecumenical Temple
  4348 | D:5      | Noticed Seamuus's ghost (novice HOFi)
  4579 | D:5      | Reached * piety under Vehumet
  4579 | D:5      | Offered knowledge of Foxfire by Vehumet.
  4736 | D:5      | Identified a scroll of acquirement
  4736 | D:5      | Acquired a +1 demon trident of electrocution
  4793 | D:5      | Found a snail-covered altar of Cheibriados.
  4958 | D:5      | Found Futuun's Tiny Tomes.
  5294 | D:6      | Reached XP level 8. HP: 37/46 MP: 7/12
  5676 | D:6      | Reached skill level 5 in Shields
  5771 | D:6      | Found a runed translucent door.
  5772 | D:6      | Noticed Crazy Yiuf
  6274 | D:6      | Found a bloodstained altar of Trog.
  6293 | D:6      | Noticed Maggie
  6447 | D:6      | Reached XP level 9. HP: 13/52 MP: 5/15
  6598 | D:6      | Found a glowing silver altar of Zin.
  6945 | D:7      | Reached skill level 1 in Fighting
  7034 | D:7      | Noticed a boulder beetle
  7941 | D:7      | HP: 1/55 [orc warrior/+0 halberd (13)]
  7957 | D:7      | Reached skill level 5 in Stealth
  8389 | D:8      | Found a shimmering altar of Xom.
  8537 | D:8      | Reached ** piety under Vehumet
  8537 | D:8      | Offered knowledge of Mercury Vapours by Vehumet.
  8950 | D:8      | Found Pos Zeud's Jewellery Boutique.
  9098 | D:8      | Bought a ring of magical power for 280 gold pieces
  9185 | D:8      | Reached skill level 5 in Dodging
  9382 | D:8      | Reached skill level 5 in Fighting
  9382 | D:8      | Reached XP level 10. HP: 51/66 MP: 16/16
  9666 | D:8      | Identified the +5 dagger of Skirmishing {venom, SInv}
  9676 | D:8      | Noticed Pikel
  9685 | D:8      | Killed Pikel
 10527 | D:9      | Noticed Psyche
 10793 | D:9      | Noticed Erica
 11787 | D:9      | Killed Erica
 11999 | D:9      | Slain by a yak

Illustrated notes

Levels and vault maps discovered:
D:1:      lightli_iron_boxes, layout_basic, serial_shops,
          nicolae_shop_real_fake_doors
D:2:      layout_rooms
D:3:      layout_basic, mainiacjoe_overflow_alcove_2
D:4:      layout_cave_pools, nicolae_qazlal_general_emergency,
          lemuel_crystal_altar, serial_shops, shop, st_stairs_11,
          palyth_stone_intersect, grunt_ministairs_9
D:5:      layout_gridville, mainiacjoe_overflow_six_doors_small,
          minmay_temple_entry_hall, ebering_ghost_reflecting_pool,
          dk_noncrumbling_2, nicolae_shop_i_like_small_books_too
D:6:      layout_loops_ring, zin_statuary, lightli_temple_of_fire, uniq_maggie,
          uniq_crazy_yiuf_cottage
D:7:      layout_basic, nicolae_the_louvre
D:8:      minmay_angry_zag, layout_loops_ring, mainiacjoe_overflow_boulevard,
          serial_shops, shop, uniq_pikel
D:9:      minmay_general_purpose_star, layout_loops_corners, uniq_psyche,
          uniq_erica
Temple:   oiseaux_autumnal_temple

Skill      XL: |  1  2  3  4  5  6  7  8  9 10 |
---------------+-------------------------------+-----
Conjurations   | 2 3 4 5 |  5.0
Air Magic      | 4 6 8 |  8.0
Shields        | 1 2 4 5 |  5.0
Spellcasting   | 3 4 |  4.0
Fighting       | 5 8 |  8.1
Stealth        | 6 |  6.0
Dodging        | 5 8 |  8.4

Action                     |  1- 3 |  4- 6 |  7- 9 | 10-12 || total
---------------------------+-------+-------+-------+-------++-------
  Melee: Unarmed           |     3 |       |       |       ||     3
         Constrict         |     3 |     2 |    12 |    11 ||    28
         Tentacles         |     2 |     1 |    11 |     7 ||    21
         Dagger            |     2 |       |     6 |       ||     8
         Trident           |     3 |    16 |       |       ||    19
         Demon trident     |       |       |    63 |    50 ||   113
         Punch             |       |       |     1 |     1 ||     2
  Throw: Dart              |       |       |     1 |       ||     1
   Cast: Shock             |    51 |    94 |   132 |    26 ||   303
         Static Discharge  |       |     7 |    27 |     7 ||    41
         Airstrike         |       |       |    25 |    35 ||    60
         Swiftness         |       |       |     1 |       ||     1
  Evoke: Wand              |       |       |       |     1 ||     1
    Use: Scroll            |     2 |     4 |    12 |     3 ||    21
         Potion            |       |       |       |     2 ||     2
   Stab: Sleeping          |       |       |     6 |     1 ||     7
 Armour: Skin              |     3 |    16 |    80 |    49 ||   148
  Dodge: Dodged            |     6 |    16 |    55 |    56 ||   133
  Block: Buckler           |       |     1 |    29 |    21 ||    51
